 Dungeon Crawl Stone Soup version 0.29.1-15-g9cfb28693d (webtiles) character file.

Game seed: 10004232949309060755

267 Descartes the Conjurer (level 6, 0/32 HPs)
             Began as a Deep Elf Wanderer on Apr 15, 2023.
             Slain by a bullfrog skeleton (2 damage)
             ... on level 4 of the Dungeon.
             The game lasted 00:05:27 (4863 turns).

Descartes the Conjurer (Deep Elf Wanderer)          Turns: 4863, Time: 00:05:28

Health: 0/32       AC:  3    Str:  9    XL:     6   Next: 0%
Magic:  7/15       EV: 10    Int: 20    God:
Gold:   299        SH:  0    Dex: 13    Spells: 14/15 levels left

rFire   . . .      SeeInvis .   a - +0 dagger
rCold   . . .      Faith    .   (no shield)
rNeg    . . .      Spirit   .   e - +0 leather armour
rPois   .          Reflect  .   (no helmet)
rElec   .          Harm     .   (no cloak)
rCorr   .          Rampage  .   (no gloves)
Will    .....                   (no boots)
Stlth   +.........              (no amulet)
HPRegen 0.10/turn               (no ring)
MPRegen 0.14/turn               (no ring)

@: no status effects
A: no striking features
a: no special abilities


You were on level 4 of the Dungeon.
You visited 1 branch of the dungeon, and saw 4 of its levels.

You collected 299 gold pieces.

Inventory:

Hand Weapons
 a - a +0 dagger (weapon)
Armour
 c - a +0 robe
 e - a +0 leather armour (worn)
Jewellery
 g - a ring of flight
Scrolls
 h - a scroll of enchant weapon {unknown}
 k - 3 scrolls of identify {unknown}
 l - 9 scrolls of teleportation {unknown}
 m - 2 scrolls of magic mapping {unknown}
 n - 2 scrolls of poison {unknown}
 o - a scroll of vulnerability {unknown}
 r - a scroll of blinking {unknown}
 s - a scroll of torment {unknown}
Potions
 b - 4 potions of curing
 f - a potion of brilliance {unknown}
 i - a potion of might {unknown}
 j - 2 potions of heal wounds {unknown}
 p - a potion of invisibility {unknown}
 q - a potion of lignification {unknown}
 t - a potion of degeneration {unknown}
 u - 3 potions of flight {unknown}
 v - a potion of haste {unknown}
Miscellaneous
 d - a piece from Xom's chessboard (15/15) (quivered)


   Skills:
 - Level 5.0 Spellcasting
 + Level 5.7 Conjurations
 + Level 3.2 Fire Magic
 + Level 4.9 Evocations


You had 14 spell levels left.
You knew the following spells:

 Your Spells              Type           Power      Damage    Failure   Level
a - Foxfire               Conj/Fire      92%        2x1d8     2%          1

Your spell library contained the following spells:

 Spells                   Type           Power      Damage    Failure   Level
 Shock                    Conj/Air       64%        1d7       4%          1
 Slow                     Hex            20%        N/A       16%         1
 Sting                    Tmut/Pois      20%        1d4       16%         1
 Poisonous Vapours        Pois/Air       10%        N/A       24%         2
 Confusing Touch          Hex            5%         N/A       43%         3
 Spider Form              Tmut/Pois      5%         N/A       43%         3
 Vampiric Draining        Necr           5%         2d6       43%         3
 Hailstorm                Conj/Ice       16%        3d6       45%         4
 Corpse Rot               Necr/Pois/Air  5%         N/A       85%         4


Dungeon Overview and Level Annotations

Branches:
Dungeon (4/15)
 Temple: D:4-7

Altars:
Dithmenos
Nemelex Xobeh
Xom

Shops:
D:2 (

Annotations:
D:4 engelados's ghost, amateur DjCj


Message History

The bullfrog skeleton barely misses you.
Casting: Foxfire (safe; 2% risk of failure)
Confirm with . or Enter, or press ? or * to list all spells.
You conjure some foxfire!
The foxfire hits the centaur skeleton.
You destroy the centaur skeleton!
The foxfire hits the bullfrog skeleton!
The bullfrog skeleton is moderately damaged.
The hornet zombie closely misses you.
The bullfrog skeleton closely misses you.
The hornet zombie hits you but does no damage.
The bullfrog skeleton closely misses you.
You have reached level 6!
Casting: Foxfire (safe; 2% risk of failure)
Confirm with . or Enter, or press ? or * to list all spells.
You conjure some foxfire!
The foxfire hits the hornet zombie.
The hornet zombie is lightly damaged.
The foxfire hits the howler monkey zombie.
The howler monkey zombie is lightly damaged.
The bullfrog skeleton barely misses you.
The hornet zombie hits you! The howler monkey zombie hits you.
* * * LOW HITPOINT WARNING * * *
Casting: Foxfire (safe; 2% risk of failure)
Confirm with . or Enter, or press ? or * to list all spells.
You conjure some foxfire!
The foxfire hits the howler monkey zombie.
The howler monkey zombie is lightly damaged.
The foxfire hits the howler monkey zombie.
The howler monkey zombie is moderately damaged.
The bullfrog skeleton hits you.
* * * LOW HITPOINT WARNING * * *
The hornet zombie hits you.
* * * LOW HITPOINT WARNING * * *
You feel better.
The foxfire hits engelados's ghost.
Engelados's ghost completely resists.
The foxfire hits engelados's ghost.
Engelados's ghost completely resists.
The hornet zombie hits you but does no damage.
The bullfrog skeleton hits you.
* * * LOW HITPOINT WARNING * * *
The hornet zombie barely misses you. The bullfrog skeleton hits you.
You die...

#####..########.##.##
#.......[.......#
#####.####.####.##..#
#........# #.....#
#.######## # ####..#
#.####.#.#.#######..#
#.#..#.....#........#
#..§.Z....#########.#
#..§@WZ..$.# #>#
#.#§.Z...$## #.#
#.#..#.....# #.#
#.####.#.#.# #.# #.#
### # ########.# #.#
#.......# #..
#.####### #. #.# #.#


You could see engelados's ghost, a hornet zombie, a howler monkey zombie and a
bullfrog skeleton.

Vanquished Creatures
  A hound (D:4)
  A centaur skeleton (D:4)
  Jessica (D:2)
  Robin (D:3)
  7 adders
  5 dart slugs
  6 orcs (D:3)
  4 bats
  9 endoplasms
  2 giant cockroaches
  11 hobgoblins
  10 quokkas
  8 ball pythons
  3 frilled lizards
  13 goblins
  3 kobolds
  4 rats
  A spectral goblin (D:1)
90 creatures vanquished.

Vanquished Creatures (others)
  377 foxfires
377 creatures vanquished.

Grand Total: 467 creatures vanquished

Notes
Turn   | Place    | Note
-------+----------+-------------------------------------------
     0 | D:1      | Descartes the Deep Elf Wanderer began the quest for the
                  | Orb.
     0 | D:1      | Descartes set off with the following items: a +0 dagger, a
                  | potion of curing, a +0 robe, a piece from Xom's chessboard
                  | (15/15); and the following spells available to memorise:
                  | Foxfire, Shock, Sting, Spider Form, Hailstorm.
     0 | D:1      | Reached XP level 1. HP: 10/10 MP: 7/7
     2 | D:1      | Learned a level 1 spell: Foxfire
   218 | D:1      | Reached XP level 2. HP: 15/15 MP: 2/9
   319 | D:1      | Found a faded altar of an unknown god.
   553 | D:1      | Reached skill level 1 in Fire Magic
   989 | D:1      | Reached XP level 3. HP: 19/19 MP: 8/11
  1649 | D:2      | Reached skill level 5 in Spellcasting
  1731 | D:2      | Noticed Jessica
  1734 | D:2      | Killed Jessica
  1735 | D:2      | Reached skill level 5 in Conjurations
  1735 | D:2      | Reached XP level 4. HP: 24/24 MP: 9/13
  2361 | D:2      | Found Dawnotz's Weapon Shop.
  3038 | D:2      | Reached XP level 5. HP: 28/28 MP: 10/14
  3305 | D:3      | Found a shimmering altar of Xom.
  3960 | D:3      | Noticed Robin
  3969 | D:3      | Killed Robin
  4430 | D:4      | Found a shadowy altar of Dithmenos.
  4789 | D:4      | Found a sparkling altar of Nemelex Xobeh.
  4849 | D:4      | Found a runed translucent gate.
  4849 | D:4      | Found a runed translucent gate.
  4849 | D:4      | Found a runed translucent gate.
  4852 | D:4      | Noticed engelados's ghost (amateur DjCj)
  4861 | D:4      | Reached XP level 6. HP: 19/32 MP: 9/15
  4863 | D:4      | Slain by a bullfrog skeleton

Illustrated notes

Levels and vault maps discovered:
D:1:      dpeg_arrival_oval, layout_basic,
          dreamdust_ecumenical_altar_drowned_temple, grunt_decor_arrowhead
D:2:      wad_river_or_something, layout_loops_ring, serial_shops,
          nicolae_shop_bloodbath_and_beyond, uniq_jessica
D:3:      layout_rooms, mainiacjoe_overflow_tiny_flanked, uniq_robin
D:4:      layout_loops_ring, nicolae_overflow_crystal_walls,
          kennysheep_mini_moat, gammafunk_ghost_necromancy, abandoned_shop

Skill      XL: |  1  2  3  4  5 |
---------------+----------------+-----
Fire Magic     | 1 2 3 |  3.2
Spellcasting   | 5 |  5.0
Conjurations   | 5 |  5.7
Evocations     | 4 |  4.9

Action                   |  1- 3 |  4- 6 || total
-------------------------+-------+-------++-------
 Cast: Foxfire           |    75 |   156 ||   231
  Use: Potion            |       |     1 ||     1
Armor: Leather armour    |     3 |    11 ||    14
Dodge: Dodged            |    12 |    22 ||    34
